 Dungeon Crawl Stone Soup version 0.19-a0-1852-gc11d922 (webtiles) character file.

51142 gooseman the Executioner (level 14, 0/132 HPs)
             Began as a Hill Orc Fighter on Oct 11, 2016.
             Was the Champion of Qazlal.
             Splashed by an acid blob's acid (3 damage)
             ... on level 1 of the Pits of Slime.
             The game lasted 01:42:35 (22720 turns).

gooseman the Executioner (Hill Orc Fighter)        Turns: 22720, Time: 01:42:36

Health: 0/132      AC: 17    Str: 24    XL:     14   Next: 58%
Magic:  0/23       EV: 11    Int: 10    God:    Qazlal [******]
Gold:   2024       SH:  0    Dex:  8    Spells: 0 memorised, 13 levels left

rFire  . . .     SeeInvis +     l - +1 battleaxe (venom)
rCold  . . .     Gourm    .     A - +0 plate armour "Dour" {*Drain rElec rPois Int+4}
rNeg   + . .     Faith    .     (shield currently unavailable)
rPois  +         Spirit   +     H - +1 helmet
rElec  +         Dismiss  .     C - +0 cloak
rCorr  .         Reflect  .     U - +3 pair of gloves of Nyxoerch {rN+ Dex-2 SInv}
MR     +....     Harm     .     B - +0 pair of boots
Stlth  ..........               g - amulet of guardian spirit
                                n - +4 ring of evasion
                                z - +2 ring of protection

@: confused, protected from physical damage, corroded, very slightly
contaminated, hasted, repel missiles, very quick
A: dopey 1, screaming 1, subdued magic 1, MP-powered wands
a: Upheaval, Elemental Force, Disaster Area, Renounce Religion


You were on level 1 of the Pits of Slime.
You worshipped Qazlal.
Qazlal was exalted by your worship.
You were not hungry.

You visited 5 branches of the dungeon, and saw 19 of its levels.
You also visited: Sewer.

You collected 2136 gold pieces.
You spent 112 gold pieces at shops.

Inventory:

Hand Weapons
 l - a +1 battleaxe of venom (weapon)
 K - a +2 war axe of chopping
Missiles
 y - 29 tomahawks (quivered)
Armour
 A - the +0 plate armour "Dour" (worn) {*Drain rElec rPois Int+4}
   (You found it on level 1 of the Lair of Beasts)

   It affects your intelligence (+4).
   It insulates you from electricity.
   It protects you from poison.
   It causes draining when unequipped.
 B - a +0 pair of boots (worn)
 C - a +0 cloak (worn)
 H - a +1 helmet (worn)
 U - the +3 pair of gloves of Nyxoerch (worn) {rN+ Dex-2 SInv}
   (You found it on level 4 of the Lair of Beasts)

   It affects your dexterity (-2).
   It protects you from negative energy.
   It lets you see invisible.
Jewellery
 a - an uncursed amulet of rage
 g - an amulet of guardian spirit (around neck)
 n - a +4 ring of evasion (right hand)
 z - a +2 ring of protection (left hand)
Wands
 i - a wand of lightning (7/15)
 p - a wand of disintegration (7/24)
 u - a wand of flame (22/48)
 v - a wand of random effects (16/48)
 D - a wand of acid (6/15)
 M - a wand of lightning (5/15)
 N - a wand of iceblast (6/15)
 S - a wand of disintegration (16/24)
 V - a wand of digging (7/24)
 W - a wand of teleportation (6/9)
Scrolls
 b - 2 scrolls of fear
 c - 2 scrolls of brand weapon {unknown}
 e - 2 scrolls of recharging
 j - 4 scrolls of immolation {unknown}
 k - 2 scrolls of silence {unknown}
 o - 4 scrolls of magic mapping
 q - 6 scrolls of enchant armour
 w - 3 scrolls of blinking
 x - 2 scrolls of fog {unknown}
 G - 2 scrolls of amnesia {unknown}
 J - a scroll of torment {unknown}
 O - 6 scrolls of teleportation
 P - a scroll of enchant weapon {unknown}
 R - a scroll of noise {unknown}
 T - 4 scrolls of remove curse
Potions
 d - 2 potions of might
 m - 4 potions of haste
 r - 2 potions of brilliance {unknown}
 I - 2 potions of flight {unknown}
 L - 2 potions of invisibility {unknown}
 Q - a potion of resistance {unknown}
 Z - 2 potions of ambrosia {unknown}
Books
 t - a book of Battle

   Spells                             Type                      Level
   a - Infusion                       Charms                       1
   b - Shroud of Golubria             Charms/Translocation         2
   c - Song of Slaying                Charms                       2
   d - Spectral Weapon                Hexes/Charms                 3
   e - Regeneration                   Charms/Necromancy            3
 X - a book of Maledictions

   Spells                             Type                      Level
   a - Corona                         Hexes                        1
   b - Ensorcelled Hibernation        Hexes/Ice                    2
   c - Confuse                        Hexes                        3
   d - Tukima's Dance                 Hexes                        3
   e - Dazzling Spray                 Conjuration/Hexes            3
Miscellaneous
 Y - 2 boxes of beasts
Comestibles
 f - 5 bread rations
 s - 6 meat rations


   Skills:
 - Level 14.1 Fighting
 - Level 21.0 Axes
 + Level 10.1 Armour
   Level 3.3 Shields
 - Level 12.9 Invocations


You had 13 spell levels left.
You didn't know any spells.

Dungeon Overview and Level Annotations

Branches:
Dungeon (10/15)            Temple (1/1) D:5            Lair (5/6) D:8
  Swamp (0/4) Lair:4       Spider (0/4) Lair:3        Slime (1/5) Lair:5
    Orc (2/2) D:10            Elf (0/3) Orc:2

Altars:
Ashenzari
Cheibriados
Dithmenos
Elyvilon
Fedhas
Gozag
Hepliaklqana
Kikubaaqudgha
Makhleb
Nemelex Xobeh
Okawaru
Qazlal
Ru
Sif Muna
Trog
Uskayaw
Vehumet
Xom
Yredelemnul
Zin
The Shining One
Beogh
Jiyva

Shops:
Orc:2 (?[[


Innate Abilities, Weirdness & Mutations

You are dopey. (Int -2)
You occasionally shout uncontrollably at your foes.
Your spells are a little easier to cast, but a little less powerful.
You expend magic power (3 MP) to strengthen your wands.


Message History

You're too confused!
You bump into the slime covered rock wall.
You are splashed with acid!
The walls burn you!
* * * LOW HITPOINT WARNING * * *
The acid blob spits acid at you.
The splash of acid is repelled.
The enormous slime creature is engulfed in roaring flames.
An enormous slime creature splits.
Two slime creatures merge to form a very large slime creature.
You completely miss the very large slime creature.
The very large slime creature is lightly wounded.
You slice the large slime creature!! You barely miss the eye of devastation.
You slash the slime creature!
The slime creature is poisoned.
You hit the acid blob but do no damage. The acid corrodes you!
Your hands burn!
* * * LOW HITPOINT WARNING * * *
You are splashed with acid!
The walls burn you!
* * * LOW HITPOINT WARNING * * *
The slime creature hits you but does no damage.
You slash the acid blob!
Your hands burn!
You die...

### .. ##.#
.#.. ...##
..#. ##.#.##
..... #...§.#
.....###.G§###
......#.§J@J.#
.......§§JJ###
..#......JJ#
........<.##
#.#......J.#
##..........#
##.........G..
####.......J..
.#.........


You could see an acid blob, 2 very large slime creatures, a large slime
creature, 3 slime creatures and an eye of devastation.

Vanquished Creatures
  An orc warlord (D:10)
  Josephine (Orc:2)
  The ghost of gooseman the Tortoise, a journeyman MiBe of Trog (Orc:2)
  A hydra (Lair:4)
  A queen ant (Lair:3)
  The ghost of gooseman the Protected, a novice DDFi of Makhleb (D:9)
  2 orc high priests (Orc:2)
  Sonja (Orc:2)
  An unseen horror (D:10)
  The ghost of kaze the Digger, a novice GrEE of Vehumet (D:7)
  A manticore (Lair:5)
  4 orc sorcerers (Orc:2)
  A shining eye (Slime:1)
  3 orc knights
  Maurice (D:10)
  2 black mambas
  4 elephants (Lair:3)
  5 spiny frogs
  2 torpor snails (Lair:3)
  11 rime drakes
  6 komodo dragons
  7 trolls
  A two-headed ogre (D:7)
  12 hippogriffs
  6 dream sheep
  A hornet (D:8)
  21 blink frogs
  7 wyverns
  4 basilisks
  2 wraiths (Orc:2)
  43 yaks
  3 golden eyes (Slime:1)
  5 vampire mosquitoes (Lair:4)
  A hungry ghost (D:10)
  7 soldier ants (Lair:3)
  A hell hound (Lair:5)
  9 water moccasins
  2 porcupines
  3 ice beasts
  2 black bears
  4 sky beasts
  19 orc warriors
  9 ogres
  4 wolves (Lair:5)
  6 phantoms
  6 centaurs
  6 crocodiles
  8 big kobolds
  16 bullfrogs
  A gnoll sergeant (D:9)
  A troll zombie (D:10)
  A water moccasin skeleton (D:10)
  A scorpion (D:7)
  9 killer bees (D:9)
  5 wights (D:8)
  An electric eel (Lair:4)
  A centaur zombie (D:5)
  7 crimson imps
  4 hounds
  A jelly (D:9)
  12 orc priests
  17 orc wizards
  Jessica (D:2)
  A bullfrog skeleton (D:9)
  3 iguanas
  24 worker ants
  A killer bee zombie (D:8)
  7 ogre zombies (D:10)
  A hound zombie (D:6)
  4 hound skeletons
  11 gnolls
  2 howler monkey skeletons
  3 river rats (Sewer)
  12 adders
  A shadow imp (D:6)
  4 oozes
  6 worms
  A dart slug (D:1)
  5 leopard geckos
  77 orcs
  7 bats
  6 giant cockroaches
  11 goblins
  8 hobgoblins
  7 jackals
  4 quokkas
  3 ball pythons
  3 frilled lizards
  3 goblin skeletons (D:10)
  2 goblin zombies (D:10)
  2 hobgoblin skeletons (D:10)
  A hobgoblin zombie (D:10)
  24 kobolds
  A leopard gecko zombie (D:8)
  An orc skeleton (D:10)
  16 orc zombies (D:10)
  A quokka skeleton (D:6)
  A quokka zombie (D:6)
  15 rats
  2 bushes
  33 fungi
  34 plants
676 creatures vanquished.

Vanquished Creatures (collateral kills)
  A hydra (Lair:2)
  An orc high priest (Orc:2)
  An orc knight (Orc:2)
  A wraith (Orc:2)
  An orc warrior (Orc:2)
5 creatures vanquished.

Vanquished Creatures (others)
  An orc priest (Orc:2)
  12 fungi
  4 plants
17 creatures vanquished.

Grand Total: 698 creatures vanquished

Notes
Turn   | Place    | Note
-------+----------+-------------------------------------------
     0 | D:1      | gooseman the Hill Orc Fighter began the quest for the Orb.
     0 | D:1      | Reached XP level 1. HP: 19/19 MP: 1/1
   131 | D:1      | Reached XP level 2. HP: 24/27 MP: 2/2
   197 | D:1      | Reached skill level 3 in Axes
   294 | D:1      | Reached XP level 3. HP: 32/33 MP: 3/3
   983 | D:2      | Reached skill level 4 in Axes
   986 | D:2      | Reached XP level 4. HP: 39/41 MP: 4/4
  1395 | D:2      | Found a shadowy altar of Dithmenos.
  1396 | D:2      | Noticed Jessica
  1412 | D:2      | Killed Jessica
  1412 | D:2      | Reached skill level 5 in Fighting
  1728 | D:3      | Reached XP level 5. HP: 12/48 MP: 1/5
  2043 | D:2      | Reached skill level 5 in Axes
  2510 | D:3      | Found a faded altar of an unknown god.
  2569 | D:3      | Reached XP level 6. HP: 55/57 MP: 6/6
  3178 | D:4      | Reached skill level 6 in Axes
  3272 | D:4      | Reached XP level 7. HP: 66/66 MP: 7/7
  3698 | D:4      | Found a glowing drain.
  3702 | Sewer    | Entered a sewer
  4071 | Sewer    | Reached skill level 7 in Axes
  4112 | Sewer    | Reached XP level 8. HP: 77/77 MP: 8/8
  4702 | D:5      | Entered Level 5 of the Dungeon
  4702 | D:5      | Found a staircase to the Ecumenical Temple.
  4709 | D:5      | Reached skill level 8 in Axes
  4752 | Temple   | Entered the Ecumenical Temple
  5024 | Temple   | Became a worshipper of Qazlal Stormbringer
  5076 | D:5      | Reached skill level 10 in Fighting
  5636 | D:6      | Reached skill level 9 in Axes
  5731 | D:6      | Reached XP level 9. HP: 32/89 MP: 6/9
  6775 | D:7      | Reached skill level 10 in Axes
  6801 | D:7      | Reached * piety under Qazlal
  6967 | D:7      | Noticed kaze's ghost (novice GrEE)
  6996 | D:7      | Killed kaze's ghost
  6996 | D:7      | Reached skill level 11 in Axes
  6996 | D:7      | Reached XP level 10. HP: 96/101 MP: 10/10
  7214 | D:7      | Noticed a red ugly thing
  8006 | D:8      | Paralysed by a hornet for 2 turns
  8012 | D:8      | Paralysed by a hornet for 1 turns
  8433 | D:8      | Found a staircase to the Lair.
  8805 | D:8      | Found an iron altar of Okawaru.
  8895 | D:8      | Reached skill level 12 in Axes
  9172 | D:9      | Noticed gooseman's ghost (novice DDFi)
  9200 | D:9      | Reached ** piety under Qazlal
  9204 | D:9      | Reached skill level 13 in Axes
  9244 | D:9      | Killed gooseman's ghost
  9441 | D:9      | Reached XP level 11. HP: 110/110 MP: 11/11
  9541 | D:9      | Reached skill level 14 in Axes
  9809 | D:9      | Reached skill level 15 in Axes
 10001 | D:9      | Reached *** piety under Qazlal
 10347 | D:10     | Entered Level 10 of the Dungeon
 10447 | D:10     | Found a staircase to the Orcish Mines.
 10501 | D:10     | Reached **** piety under Qazlal
 11088 | D:10     | Killed an unseen horror
 11088 | D:10     | Reached skill level 16 in Axes
 11642 | Orc:1    | Entered Level 1 of the Orcish Mines
 11657 | Orc:1    | Noticed an orc warlord
 11691 | Orc:1    | Noticed Maurice
 11707 | D:10     | Killed Maurice
 12103 | D:10     | Killed an orc warlord
 12103 | D:10     | Reached skill level 17 in Axes
 12627 | Orc:1    | Found a roughly hewn altar of Beogh.
 12640 | Orc:1    | Reached XP level 12. HP: 79/117 MP: 9/12
 12643 | Orc:1    | Reached ***** piety under Qazlal
 12976 | Orc:2    | Entered Level 2 of the Orcish Mines
 12988 | Orc:2    | Reached skill level 1 in Invocations
 13015 | Orc:2    | Noticed Josephine
 13038 | Orc:2    | Killed Josephine
 13039 | Orc:2    | Reached skill level 5 in Invocations
 13340 | Orc:2    | Noticed gooseman's ghost (journeyman MiBe)
 13391 | Orc:2    | Killed gooseman's ghost
 13786 | Orc:2    | Found a staircase to the Elven Halls.
 14055 | Orc:2    | Noticed Sonja
 14080 | Orc:2    | Killed Sonja
 14681 | Orc:2    | Noticed an orc high priest
 14929 | Orc:2    | Gained mutation: You expend magic power (3 MP) to strengthen your wands. [a neqoxec]
 14950 | Orc:2    | Killed an orc high priest
 15396 | Orc:1    | Reached skill level 10 in Invocations
 15773 | Orc:2    | Noticed an orc high priest
 16194 | Orc:2    | Killed an orc high priest
 16596 | Orc:2    | Noticed an orc high priest
 16608 | Orc:2    | Killed an orc high priest
 16608 | Orc:2    | Paralysed by an orc sorcerer for 6 turns
 16877 | Orc:2    | Found Yfiniecog's Antique Weapon Shoppe.
 16877 | Orc:2    | Found Corraacw's Magic Scroll Boutique.
 16879 | Orc:2    | Found Ehemoar's Armour Shoppe.
 16879 | Orc:2    | Found Caischil's Armour Boutique.
 16894 | Orc:2    | Bought a scroll of blinking for 112 gold pieces
 16984 | Orc:2    | Noticed a sun demon
 16985 | Orc:2    | Paralysed by an orc sorcerer for 2 turns
 16987 | Orc:2    | Noticed a soul eater
 17054 | Orc:1    | Reached XP level 13. HP: 120/124 MP: 20/22
 17154 | Lair:1   | Entered Level 1 of the Lair of Beasts
 17259 | Lair:1   | Reached skill level 18 in Axes
 17386 | Lair:1   | Got a blackened plate armour
 17397 | Lair:1   | Identified the cursed +0 plate armour "Dour" {*Drain rElec rPois Int+4} (You found it on level 1 of the Lair of Beasts)
 18852 | Lair:3   | Reached skill level 19 in Axes
 19208 | Lair:3   | Found a hole to the Spider Nest.
 19555 | Lair:3   | Reached skill level 20 in Axes
 20565 | Lair:4   | Reached skill level 21 in Axes
 20565 | Lair:4   | Reached XP level 14. HP: 119/132 MP: 21/23
 20723 | Lair:4   | Got a pair of heavily runed gloves
 20729 | Lair:4   | Identified the +3 pair of gloves of Nyxoerch {rN+ Dex-2 SInv} (You found it on level 4 of the Lair of Beasts)
 20922 | Lair:4   | Found a staircase to the Swamp.
 21014 | Lair:4   | Reached skill level 5 in Armour
 21202 | Lair:4   | Reached ****** piety under Qazlal
 22106 | Lair:5   | Found a viscous altar of Jiyva.
 22107 | Lair:5   | Found a staircase to the Slime Pits.
 22694 | Slime:1  | Entered Level 1 of the Pits of Slime
 22696 | Slime:1  | Gained mutation: Your spells are a little easier to cast, but a little less powerful. [a shining eye]
 22697 | Slime:1  | Gained mutation: You are dopey. (Int -2) [a shining eye]
 22702 | Slime:1  | Gained mutation: You occasionally shout uncontrollably at your foes. [a shining eye]
 22703 | Slime:1  | Noticed an acid blob
 22708 | Slime:1  | Reached skill level 10 in Armour
 22719 | Slime:1  | HP: 3/132 [acid (6)]
 22720 | Slime:1  | Splashed by an acid blob's acid

Vault maps used:
D:1:      scummos_arrival_simple_fountains
D:2:      grunt_dithmenos_smoke, uniq_jessica
D:3:      ecumenical_altar_1, kennysheep_decorative_pillar,
          kennysheep_generic_room_2
D:4:      first_bread, gup_sewer_entry_bowl
D:5:      minmay_misc_feat_pillars, minmay_strange_pillars
D:6:      serial_aquarium, aquarium_bridge_straight, aquarium_window_fake,
          aquarium_window_corridor_1, aquarium_window_fake,
          aquarium_window_corner, aquarium_view_2a, aquarium_view_2c,
          aquarium_balcony_3b, aquarium_pool_split, serial_park_tiny_pond,
          minivault_25
D:7:      minmay_cornered_nines, grunt_livestock
D:8:      dpeg_oklobed_lair, okawaru_altar_gauntlet_db
D:9:      enter_bailey_7, serial_curves, eino_curves_02, eino_curves_01,
          eino_curves_04
D:10:     zombieorc2_lemuel
Temple:   regret_index_temple_sigil_plot
Lair:1:   serial_bayou_pond_c, grunt_forest_large_clearing_hut
Lair:2:   minivault_27, grunt_megastairs_5
Lair:3:   spider_nest_entry_web_field, minmay_another_anthill
Lair:4:   minmay_swamp_entry_swarm, nicolae_quartered_pool_super
Lair:5:   slime_altar_1, grunt_megastairs_2
Orc:1:    basic_altar, uniq_maurice
Orc:2:    grunt_orc_tribal_feast, uniq_josephine, uniq_sonja
Sewer:    sewer_co_tree

Skill      XL: |  1  2  3  4  5  6  7  8  9 10 11 12 13 14 |
---------------+-------------------------------------------+-----
Axes           | 3 4 5 6 7 9 11 13 17 21 | 21.0
Fighting       | 4 5 6 7 8 11 13 14 | 14.1
Invocations    | 12 | 12.9
Armour         | 10 | 10.1
Shields        | |  3.3

Action                   |  1- 3 |  4- 6 |  7- 9 | 10-12 | 13-15 || total
-------------------------+-------+-------+-------+-------+-------++-------
Melee: War axe           |   114 |   237 |   486 |  1120 |       ||  1957
       Battleaxe         |       |       |       |    13 |   569 ||   582
Invok: Elemental Force   |       |       |       |     2 |     1 ||     3
       Upheaval          |       |       |       |     1 |       ||     1
  Use: Scroll            |       |       |     8 |     1 |     3 ||    12
       Potion            |       |       |       |     3 |     2 ||     5
  Eat: Chunk             |       |     8 |    14 |    22 |    17 ||    61
       Fruit             |       |       |       |     4 |       ||     4
       Royal jelly       |       |       |       |     1 |       ||     1
       Pizza             |       |       |       |     1 |       ||     1
       Bread ration      |       |       |       |     1 |     1 ||     2
Armor: Scale mail        |    46 |     4 |       |       |       ||    50
       Plate armour      |       |   124 |   270 |   439 |   261 ||  1094
Dodge: Dodged            |    40 |    53 |   104 |   216 |   196 ||   609
       Deflected         |       |       |       |    14 |     8 ||    22
Block: Shield            |    75 |   121 |   208 |   639 |       ||  1043
       Other             |       |       |       |       |   134 ||   134
